 Dungeon Crawl Stone Soup version 0.31.0-32-g396128a36d (webtiles) character file.

Game seed: 12253606117572477813

58 Curundu the Chopper (level 3, -6/33 HPs)
             Began as a Minotaur Berserker on Mar 16, 2024.
             Was a Believer of Trog.
             Mangled by an orc
             ... wielding a +0 flail
              (8 damage)
             ... on level 2 of the Dungeon.
             The game lasted 00:02:27 (1168 turns).

Curundu the Chopper (Minotaur Berserker)            Turns: 1168, Time: 00:02:28

Health: -6/33      AC:  2    Str: 23    XL:     3   Next: 76%
Magic:  2/2        EV: 12    Int:  4    God:    Trog [**....]
Gold:   52         SH:  0    Dex:  9    Spells: 2/2 levels left

rFire   . . .        a - +0 hand axe
rCold   . . .        (no shield)
rNeg    . . .        b - +0 animal skin
rPois   .            (helmet restricted)
rElec   .            (no cloak)
rCorr   .            (no gloves)
SInv    .            (no boots)
Will    ++...        (no amulet)
Stlth   +            (no ring)
HPRegen 1.25/turn    (no ring)
MPRegen 0.08/turn

%: no passive effects
@: strong-willed, regenerating
A: horns 2, retaliatory headbutt
a: Renounce Religion, Berserk, Trog's Hand


You were on level 2 of the Dungeon.
You worshipped Trog.
Trog was pleased with you.
You visited 1 branch of the dungeon, and saw 2 of its levels.

You collected 52 gold pieces.

Inventory:

Hand Weapons
 a - a +0 hand axe (weapon)
Armour
 b - a +0 animal skin (worn)
Scrolls
 c - a scroll of identify {unknown}
 d - a scroll of fog {unknown}
 e - a scroll of teleportation {unknown}
 g - a scroll of revelation {unknown}
 h - a scroll of fear {unknown}
Potions
 f - a potion of attraction {unknown}


   Skills:
 + Level 4.3 Fighting
 + Level 4.7 Axes
 + Level 2.7 Armour
 + Level 2.7 Dodging
 + Level 0.2 Stealth


You had 2 spell levels left.
You didn't know any spells.
Your spell library was empty.

Dungeon Overview and Level Annotations

Branches:
Dungeon (2/15)

Altars:


Innate Abilities, Weirdness & Mutations

You have a pair of horns on your head.
You reflexively headbutt those who attack you in melee.


Message History

You hit the endoplasm.
You kill the endoplasm!
Trog accepts your kill.
You barely miss the bat. You closely miss the orc.
The bat hits you but does no damage. The orc hits you with a +0 short sword.
A kobold and an adder come into view.
The kobold shouts!
The adder hisses angrily.
The bat hits you but does no damage.
The orc priest hits you with a +0 flail.
The orc barely misses you.
You slash the orc priest! Your headbutt misses the orc priest.
The orc priest is heavily wounded.
You hit the orc but do no damage. You closely miss the bat.
The bat closely misses you. The orc closely misses you.
The orc priest mumbles some strange prayers to Beogh against you.
Beogh smites you!
You closely miss the orc priest.
The orc priest is heavily wounded.
You hit the bat.
You kill the bat!
Trog accepts your kill.
You closely miss the orc. You hit the orc.
A hobgoblin comes into view. It is wielding a +0 dagger.
The orc barely misses you.
The orc priest hits you with a +0 flail.
* * * LOW HITPOINT WARNING * * *
The orc closely misses you. You furiously retaliate!
You headbutt the orc!
You kill the orc!
Trog accepts your kill.
Your skin crawls.
You feel strong-willed. The orc closely misses you.
The orc hits you with a +0 flail!
* * * LOW HITPOINT WARNING * * *
The orc priest misses you. You furiously retaliate!
You headbutt the orc priest.
An endoplasm comes into view.
You fail to use your ability.
The adder closely misses you. The orc barely misses you.
You furiously retaliate!
You headbutt the orc. The orc hits you with a +0 flail!
You die...

.........###. ....
...........##.. #...
#.#####........ .....
##.##........... .#...
.....#.##...... .....
#.###..##......
.##.#.####.###.###......
......oo..........<.....
J.g.K.o@................
......S....###.###......
....###....###.# #......
.). #.....#..# #...... .
#...#.#.## ###....
#...#.#†######....
..................
##############.....
##....


You could see an orc priest, an adder, 2 orcs, an endoplasm (wandering), a
hobgoblin and a kobold.

Vanquished Creatures
  2 adders (D:2)
  2 dart slugs
  An orc (D:2)
  2 bats
  2 endoplasms
  4 hobgoblins (D:1)
  4 jackals (D:2)
  A quokka (D:1)
  4 ball pythons (D:1)
  9 frilled lizards (D:1)
  3 goblins
  A kobold (D:2)
  2 rats
37 creatures vanquished.

Notes
Turn   | Place    | Note
-------+----------+-------------------------------------------
     0 | D:1      | Curundu the Minotaur Berserker began the quest for the Orb.
     0 | D:1      | Reached XP level 1. HP: 19/19 MP: 0/0
   164 | D:1      | Reached XP level 2. HP: 27/27 MP: 1/1
   941 | D:2      | Reached XP level 3. HP: 31/33 MP: 2/2
  1002 | D:2      | Reached ** piety under Trog
  1167 | D:2      | HP: 1/33 [orc/+0 flail (9)]
  1168 | D:2      | Mangled by an orc

Illustrated notes

Levels and vault maps discovered:
D:1:      orjb1_clovarrival, layout_loops_corners, minmay_lizard_king
D:2:      layout_rooms, minmay_misc_feat_more_columns,
          chequers_serial_rivers_room_a

Skill      XL: |  1  2 |
---------------+-------+-----
Fighting       | 4 |  4.3
Axes           | 4 |  4.7
Armour         | |  2.7
Dodging        | |  2.7
Stealth        | |  0.2

Action                     || total
---------------------------++-------
  Melee: Hand axe          ||    63
         Headbutt          ||     6
         Punch             ||     1
 Invoke: Trog's Hand       ||     1
 Armour: Animal skin       ||    34
  Dodge: Dodged            ||    47
